3L
SEATTLE AVIATORS @ KINGSTON TOWNSHIP LEGION
09/02/2022
 
TOP OF THE 1ST
Seattle Aviators batting - Pitching for Kingston Township Legion : RHP Alfonso Miranda
Pitching: RHP Alfonso Miranda
Batting: RHB Kenzaburo Hori 0-0: Ball
1-0: Ball
2-0: Ball
3-0: Called Strike
3-1: Base on Balls
Batting: RHB Tanyu Kimura 0-0: Called Strike
0-1: Fly out, F8 (Flyball, 8LXD)
Batting: LHB Kenny Webster 0-0: Called Strike
0-1: Ball
1-1: Called Strike
1-2: Ball
2-2: Fly out, F7 (Flyball, 78D)
Batting: RHB Sean Davis 0-0: Ball
1-0: Ball
2-0: Ball
3-0: Base on Balls
Kenzaburo Hori to second
Batting: RHB Clarence Fox 0-0: Fielders Choice at 2nd, 6-4 (Groundball, 6)
Top of the 1st over - 0 run(s), 0 hit(s), 0 error(s), 1 left on base; Seattle 0 - Kingston Township 0
BOTTOM OF THE 1ST
Kingston Township Legion batting - Pitching for Seattle Aviators : RHP Matt Harris
Pitching: RHP Matt Harris
Batting: LHB Forrest McCooke 0-0: Ball
1-0: Fly out, F8 (Line Drive, 8LM)
Batting: RHB Layton Templeman 0-0: Called Strike
0-1: Ground out 4-3 (Groundball, 4)
Batting: RHB Pedro Mendoza 0-0: Ball
1-0: Hit by Pitch
Batting: LHB Gonzalo López 0-0: Ball
1-0: Foul Ball, location: 2F
1-1: Ball
2-1: Ball
3-1: Foul Ball, location: 2F
3-2: Base on Balls
Pedro Mendoza to second
Batting: RHB Pete Knight 0-0: Ball
1-0: DOUBLE (Line Drive, 8RS)
Pedro Mendoza scores
Gonzalo López to third
Batting: LHB Wilfrid Savary 0-0: Foul Ball, location: 2F
0-1: Ball
1-1: Called Strike
1-2: Ball
2-2: Foul Ball, location: 2F
2-2: Foul Ball, location: 2F
2-2: Ball
3-2: Fly out, F7 (Flyball, 7LM)
Bottom of the 1st over - 1 run(s), 1 hit(s), 0 error(s), 2 left on base; Seattle 0 - Kingston Township 1
TOP OF THE 2ND
Seattle Aviators batting - Pitching for Kingston Township Legion : RHP Alfonso Miranda
Batting: RHB Brian Williams 0-0: SINGLE (Flyball, 9LS)
Batting: LHB Ramón García 0-0: Ball
1-0: Called Strike
1-1: Foul Ball, location: 2F
1-2: Ball
2-2: Foul Ball, location: 2F
2-2: Grounds into double play, U4-3 (Groundball, 4M)
Batting: RHB Tynan Hawkins 0-0: Ball
1-0: Ball
2-0: SINGLE (Line Drive, 34)
Batting: LHB Jorge Mojica 0-0: Called Strike
0-1: Ground out U3 (Groundball, 3S)
Top of the 2nd over - 0 run(s), 2 hit(s), 0 error(s), 1 left on base; Seattle 0 - Kingston Township 1
BOTTOM OF THE 2ND
Kingston Township Legion batting - Pitching for Seattle Aviators : RHP Matt Harris
Batting: RHB Jon Erickson 0-0: Ball
1-0: Ball
2-0: Ball
3-0: Called Strike
3-1: Base on Balls
Batting: RHB Carlos Mercado 0-0: Called Strike
0-1: Foul Ball, location: 2F
0-2: Ball
1-2: Fly out, F9 (Flyball, 9S)
Batting: RHB Stan Pierce 0-0: Called Strike
0-1: Ball
1-1: Foul Ball, location: 2F
1-2: Ground out 5-3 (Groundball, 5S)
Jon Erickson to second
Batting: LHB Forrest McCooke 0-0: Ball
1-0: Ball
2-0: Called Strike
2-1: Called Strike
2-2: SINGLE (Flyball, 8LM)
Jon Erickson to third
Runner from 3rd tries for Home, SAFE, no throw or cutoff
Batting: RHB Layton Templeman 0-0: Called Strike
0-1: Ball
1-1: Ball
2-1: Ball
3-1: Swinging Strike
3-2: Strikes out looking
Bottom of the 2nd over - 1 run(s), 1 hit(s), 0 error(s), 1 left on base; Seattle 0 - Kingston Township 2
TOP OF THE 3RD
Seattle Aviators batting - Pitching for Kingston Township Legion : RHP Alfonso Miranda
Batting: RHB Kenzaburo Hori 0-0: Called Strike
0-1: Fly out, F3 (Popup, 23F)
Batting: RHB Tanyu Kimura 0-0: Called Strike
0-1: Foul Ball, location: 2F
0-2: Ball
1-2: Ball
2-2: Ball
3-2: Base on Balls
Batting: LHB Kenny Webster 0-0: Foul Ball, location: 2F
0-1: Grounds into double play, 6-4-3 (Groundball, 6)
Top of the 3rd over - 0 run(s), 0 hit(s), 0 error(s), 0 left on base; Seattle 0 - Kingston Township 2
BOTTOM OF THE 3RD
Kingston Township Legion batting - Pitching for Seattle Aviators : RHP Matt Harris
Batting: RHB Pedro Mendoza 0-0: Foul Ball, location: 2F
0-1: Fly out, F9 (Popup, 34D)
Batting: LHB Gonzalo López 0-0: Swinging Strike
0-1: Foul Ball, location: 2F
0-2: Ball
1-2: Ball
2-2: Ball
3-2: Strikes out swinging
Batting: RHB Pete Knight 0-0: Ball
1-0: Ball
2-0: Called Strike
2-1: Fly out, F3 (Popup, 3F)
Bottom of the 3rd over - 0 run(s), 0 hit(s), 0 error(s), 0 left on base; Seattle 0 - Kingston Township 2
TOP OF THE 4TH
Seattle Aviators batting - Pitching for Kingston Township Legion : RHP Alfonso Miranda
Batting: RHB Sean Davis 0-0: Ball
1-0: Ball
2-0: Swinging Strike
2-1: Foul Ball, location: 2F
2-2: Ball
3-2: Base on Balls
Batting: RHB Clarence Fox 0-0: Called Strike
0-1: Swinging Strike
0-2: Strikes out swinging
Batting: RHB Brian Williams 0-0: Foul Ball, location: 2F
0-1: Ball
1-1: Ball
Sean Davis is caught stealing 2nd base
2-1: DOUBLE (Flyball, 89XD)
Batting: LHB Ramón García 0-0: Ball
1-0: Foul Ball, location: 2F
1-1: Ground out 4-3 (Groundball, 4MS)
Top of the 4th over - 0 run(s), 1 hit(s), 0 error(s), 1 left on base; Seattle 0 - Kingston Township 2
BOTTOM OF THE 4TH
Kingston Township Legion batting - Pitching for Seattle Aviators : RHP Matt Harris
Batting: LHB Wilfrid Savary 0-0: Ball
1-0: Foul Ball, location: 2F
1-1: Ball
2-1: Called Strike
2-2: Ball
3-2: DOUBLE (Flyball, 89D)
Batting: RHB Jon Erickson 0-0: Called Strike
0-1: Called Strike
0-2: Ball
1-2: Strikes out swinging
Batting: RHB Carlos Mercado 0-0: Ball
1-0: Fly out, F7 (Flyball, 7D)
Runner from 2nd tags up, SAFE at 3rd, no throw
Batting: RHB Stan Pierce 0-0: Fly out, F8 (Popup, 4MD)
Bottom of the 4th over - 0 run(s), 1 hit(s), 0 error(s), 1 left on base; Seattle 0 - Kingston Township 2
TOP OF THE 5TH
Seattle Aviators batting - Pitching for Kingston Township Legion : RHP Alfonso Miranda
Batting: RHB Tynan Hawkins 0-0: Ball
1-0: Ball
2-0: Called Strike
2-1: Swinging Strike
2-2: Fly out, F7 (Flyball, 7M)
Pitching: RHP Wally Wilkerson
Batting: LHB Jorge Mojica 0-0: Foul Ball, location: 2F
0-1: SINGLE (Groundball, 4MD)
Batting: RHB Kenzaburo Hori 0-0: Called Strike
0-1: Ground out 2-3 (Groundball, 25)
Jorge Mojica to second
Batting: RHB Tanyu Kimura 0-0: Ball
1-0: Ball
2-0: Ball
3-0: Called Strike
3-1: Base on Balls
Batting: LHB Kenny Webster 0-0: Swinging Strike
0-1: Foul Ball, location: 2F
0-2: Strikes out swinging
Top of the 5th over - 0 run(s), 1 hit(s), 0 error(s), 2 left on base; Seattle 0 - Kingston Township 2
BOTTOM OF THE 5TH
Kingston Township Legion batting - Pitching for Seattle Aviators : RHP Matt Harris
Batting: LHB Forrest McCooke 0-0: Foul Ball, location: 2F
0-1: Ball
1-1: Swinging Strike
1-2: Strikes out swinging
Batting: RHB Layton Templeman 0-0: Fly out, F6 (Popup, 6MD)
Batting: RHB Pedro Mendoza 0-0: Ball
1-0: Ball
2-0: SINGLE (Flyball, 7S)
Batting: LHB Gonzalo López 0-0: Ball
1-0: Swinging Strike
1-1: Foul Ball, location: 2F
1-2: Foul Ball, location: 2F
1-2: Fly out, F7 (Flyball, 7M)
Bottom of the 5th over - 0 run(s), 1 hit(s), 0 error(s), 1 left on base; Seattle 0 - Kingston Township 2
TOP OF THE 6TH
Seattle Aviators batting - Pitching for Kingston Township Legion : RHP Wally Wilkerson
Batting: RHB Sean Davis 0-0: Ball
1-0: Foul Ball, location: 2F
1-1: Foul Ball, location: 2F
1-2: Ball
2-2: Ball
3-2: Strikes out swinging
Batting: RHB Clarence Fox 0-0: Ball
1-0: Foul Ball, location: 2F
1-1: Foul Ball, location: 2F
1-2: Strikes out swinging
Batting: RHB Brian Williams 0-0: Ball
1-0: Swinging Strike
1-1: Fly out, F9 (Flyball, 9S)
Top of the 6th over - 0 run(s), 0 hit(s), 0 error(s), 0 left on base; Seattle 0 - Kingston Township 2
BOTTOM OF THE 6TH
Kingston Township Legion batting - Pitching for Seattle Aviators : RHP Matt Harris
Batting: RHB Pete Knight 0-0: Called Strike
0-1: DOUBLE (Flyball, 78XD)
Batting: LHB Wilfrid Savary 0-0: Ball
1-0: Swinging Strike
1-1: Ground out 4-3 (Groundball, 4)
Pete Knight to third
Batting: RHB Jon Erickson 0-0: Called Strike
0-1: DOUBLE (Flyball, 7LD)
Pete Knight scores
Batting: RHB Carlos Mercado 0-0: Ball
1-0: Called Strike
Jon Erickson is caught stealing 3rd base
1-1: Ball
2-1: Called Strike
2-2: Strikes out swinging
Bottom of the 6th over - 1 run(s), 2 hit(s), 0 error(s), 0 left on base; Seattle 0 - Kingston Township 3
TOP OF THE 7TH
Seattle Aviators batting - Pitching for Kingston Township Legion : RHP Wally Wilkerson
Batting: LHB Ramón García 0-0: Called Strike
0-1: Fly out, F8 (Flyball, 8RM)
Batting: RHB Tynan Hawkins 0-0: Called Strike
0-1: Swinging Strike
0-2: Foul Ball, location: 2F
0-2: Ball
1-2: Fly out, F8 (Flyball, 8RXD)
Pitching: RHP Louis McDowell
Batting: LHB Jorge Mojica 0-0: Foul Ball, location: 2F
0-1: Foul Ball, location: 2F
0-2: Strikes out swinging
Top of the 7th over - 0 run(s), 0 hit(s), 0 error(s), 0 left on base; Seattle 0 - Kingston Township 3
BOTTOM OF THE 7TH
Kingston Township Legion batting - Pitching for Seattle Aviators : RHP Matt Harris
Batting: RHB Stan Pierce 0-0: Ball
1-0: Ball
2-0: Ball
3-0: Base on Balls
Pitching: LHP Dalton García
Batting: LHB Forrest McCooke 0-0: Bunted foul
0-1: Ball
1-1: Ball
2-1: Sac Bunt - play at first, batter OUT! 1-4
Stan Pierce to second
Batting: RHB Layton Templeman 0-0: Ground out 4-3 (Groundball, 4M)
Stan Pierce to third
Batting: RHB Pedro Mendoza 0-0: Fly out, F6 (Popup, 6M)
Bottom of the 7th over - 0 run(s), 0 hit(s), 0 error(s), 1 left on base; Seattle 0 - Kingston Township 3
TOP OF THE 8TH
Seattle Aviators batting - Pitching for Kingston Township Legion : RHP Louis McDowell
Batting: RHB Kenzaburo Hori 0-0: Called Strike
0-1: Ball
1-1: Foul Ball, location: 2F
1-2: Ball
2-2: Fly out, F9 (Flyball, 9S)
Batting: RHB Tanyu Kimura 0-0: Ball
1-0: Ball
2-0: Ball
3-0: Called Strike
3-1: Base on Balls
Pitching: RHP Jesús Prieto
Batting: LHB Kenny Webster 0-0: Ball
1-0: Foul Ball, location: 2F
1-1: Ball
2-1: Ball
3-1: Swinging Strike
3-2: Base on Balls
Tanyu Kimura to second
Batting: RHB Sean Davis 0-0: Called Strike
0-1: Ball
1-1: Called Strike
1-2: Ball
2-2: Ball
3-2: Foul Ball, location: 2F
3-2: Strikes out looking
Batting: RHB Clarence Fox 0-0: Foul Ball, location: 2F
0-1: Ball
1-1: SINGLE (Line Drive, 56)
Tanyu Kimura to third
Kenny Webster to second
Runner from 3rd tries for Home, SAFE, no throw or cutoff
Batting: RHB Brian Williams 0-0: Ball
1-0: Ball
2-0: Called Strike
2-1: Foul Ball, location: 2F
2-2: Foul Ball, location: 2F
2-2: Ball
3-2: SINGLE (Groundball, 6MD)
Kenny Webster to third
Clarence Fox to second
Kenny Webster scores
Clarence Fox to third
Pitching: LHP Zach Williams Jr.
Batting: LHB Ramón García 0-0: Called Strike
0-1: Ball
1-1: Fly out, F7 (Flyball, 7M)
Top of the 8th over - 2 run(s), 2 hit(s), 0 error(s), 2 left on base; Seattle 2 - Kingston Township 3
BOTTOM OF THE 8TH
Kingston Township Legion batting - Pitching for Seattle Aviators : LHP Dalton García
Batting: LHB Gonzalo López 0-0: Called Strike
0-1: Ball
1-1: Fly out, F5 (Popup, 5S)
Batting: RHB Pete Knight 0-0: Ball
1-0: Called Strike
1-1: Called Strike
1-2: Ball
2-2: Ball
3-2: Base on Balls
Pinch Hitting: RHB Raúl Valadez 0-0: Called Strike
0-1: Ball
1-1: Called Strike
1-2: Ball
2-2: Ball
3-2: Strikes out swinging
Batting: RHB Jon Erickson 0-0: Fly out, F7 (Flyball, 78M)
Bottom of the 8th over - 0 run(s), 0 hit(s), 0 error(s), 1 left on base; Seattle 2 - Kingston Township 3
TOP OF THE 9TH
Seattle Aviators batting - Pitching for Kingston Township Legion : LHP Zach Williams Jr.
Pitching: RHP Bruce Hamilton
Now at 3B: Raúl Valadez
Pinch Hitting: RHB Vernon Caw 0-0: Called Strike
0-1: Foul Ball, location: 2F
0-2: Ball
1-2: Fly out, F7 (Flyball, 78D)
Batting: LHB Jorge Mojica 0-0: Foul Ball, location: 2F
0-1: Foul Ball, location: 2F
0-2: Strikes out swinging
Batting: RHB Kenzaburo Hori 0-0: Ball
1-0: Fly out, F8 (Flyball, 78M)
Top of the 9th over - 0 run(s), 0 hit(s), 0 error(s), 0 left on base; Seattle 2 - Kingston Township 3
This league is powered by Out of the Park Baseball, the baseball management simulation game for PC, Mac and Linux
Friday, April 15th, 2016 - OOTP Baseball 16.9 Build 39